 Dungeon Crawl Stone Soup version 0.29.1-12-g30fa7ad0bf (webtiles) character file.

Game seed: 3167481066243502733

41258 LustLizard the Brawler (level 13, -4/133 HPs)
             Began as a Troll Fighter on Dec 15, 2022.
             Was a High Priest of Wu Jian.
             Slain by an orc warrior
             ... wielding a +0 halberd
              (19 damage)
             ... on level 2 of the Orcish Mines.
             The game lasted 00:45:44 (13207 turns).

LustLizard the Brawler (Troll Fighter)             Turns: 13207, Time: 00:45:46

Health: -4/133     AC: 13    Str: 31    XL:     13   Next: 79%
Magic:  12/12      EV: 11    Int:  8    God:    Wu Jian [*****.]
Gold:   3747       SH: 12    Dex: 13    Spells: 6/12 levels left

rFire   + + +      SeeInvis +     - Unarmed
rCold   x . .      Faith    .   b - +0 kite shield
rNeg    + . .      Spirit   .   G - +1 fire dragon scales "Peujot" {rF++ rC- rN+ Dex+4}
rPois   +          Reflect  .   W - +1 hat of the Shining Light {rF+ Str+4}
rElec   .          Harm     .   o - +0 cloak
rCorr   .          Rampage  .   (gloves unavailable)
Will    .....                   (boots unavailable)
Stlth   ..........              m - amulet of regeneration
HPRegen 1.92/turn               s - +4 ring of slaying
MPRegen 0.13/turn               t - ring "Meampat" {rPois SInv}

@: studying 2 skills
A: large, unfitting armour, claws 3, regeneration 1, shaggy fur 1, tough skin 1
a: Renounce Religion, Wall Jump, Serpent's Lash, Heavenly Storm


You were on level 2 of the Orcish Mines.
You worshipped Wu Jian.
Wu Jian was extremely pleased with you.
You visited 4 branches of the dungeon, and saw 17 of its levels.
You also visited: Bailey and Gauntlet.

You collected 3747 gold pieces.

Inventory:

Missiles
 a - 4 atropa-tipped darts
 u - 10 poisoned darts
 y - 31 boomerangs
 C - 7 javelins
 T - a curare-tipped dart
Armour
 b - a +0 kite shield (worn)
 o - a +0 cloak (worn)
 G - the +1 fire dragon scales "Peujot" (worn) {rF++ rC- rN+ Dex+4}
   (You acquired it on level 6 of the Dungeon)

   Dex:       It affects your dexterity (+4).
   rF:        It greatly protects you from fire.
   rC:        It makes you vulnerable to cold.
   rN:        It protects you from negative energy.
 W - the +1 hat of the Shining Light (worn) {rF+ Str+4}
   (You found it in a Gauntlet)

   Str:       It affects your strength (+4).
   rF:        It protects you from fire.
Jewellery
 g - a ring of protection from cold
 m - an amulet of regeneration (around neck)
 s - a +4 ring of slaying (left claw)
 t - the ring "Meampat" (right claw) {rPois SInv}
   (You took it off a minotaur in a Gauntlet)

   [ring of see invisible]

   rPois:     It protects you from poison.
   SInv:      It lets you see invisible.
 x - a ring of magical power
 J - a ring of wizardry
 P - the ring "Noshiss" {Fly Will- Dex+4 SInv}
   (You acquired it in a bailey)

   [ring of flight]

   Dex:       It affects your dexterity (+4).
   SInv:      It lets you see invisible.
   Fly:       It grants you flight.
   Will:      It decreases your willpower.
 R - a +6 ring of dexterity
 S - a ring of flight
 X - a ring of wizardry
 Y - an amulet of reflection
 Z - a ring of poison resistance
Wands
 h - a wand of flame (39)
 k - a wand of mindburst (24)
 p - a wand of paralysis (20) (quivered)
 D - a wand of roots (22)
 I - a wand of polymorph (4)
 L - a wand of light (8)
Scrolls
 e - 6 scrolls of noise
 f - 6 scrolls of teleportation
 j - 2 scrolls of immolation
 r - 3 scrolls of magic mapping
 A - 4 scrolls of fog
 B - a scroll of summoning
 H - 2 scrolls of vulnerability
 K - a scroll of enchant armour
 M - 4 scrolls of blinking
 O - 2 scrolls of enchant weapon
Potions
 c - 3 potions of might
 d - a potion of invisibility
 i - 7 potions of mutation
 l - 3 potions of curing
 n - a potion of ambrosia
 q - 3 potions of lignification
 v - 2 potions of haste
 w - 2 potions of cancellation
 z - 3 potions of heal wounds
 E - a potion of degeneration
 F - 2 potions of brilliance
 N - 2 potions of magic
 V - 3 potions of attraction
Miscellaneous
 Q - a phantom mirror
 U - a tin of tremorstones (1/2)


   Skills:
 + Level 10.0 Fighting
 + Level 9.6 Dodging
 - Level 13.3 Shields
 * Level 16.0 Unarmed Combat


You had 6 spell levels left.
You knew the following spells:

 Your Spells              Type           Power      Damage    Failure   Level
a - Statue Form           Tmut/Erth      0%         N/A       100%        6

Your spell library contained the following spells:

 Spells                   Type           Power      Damage    Failure   Level
 Apportation              Tloc           0%         N/A       87%         1
 Necrotise                Necr           0%         1d4       87%         1
 Sandblast                Erth           0%         2d4       87%         1
 Slow                     Hex            0%         N/A       87%         1
 Summon Small Mammal      Summ           0%         N/A       87%         1
 Passwall                 Tmut/Erth      0%         N/A       95%         2
 Scorch                   Fire           0%         2d5       95%         2
 Call Canine Familiar     Summ           0%         N/A       99%         3
 Confusing Touch          Hex            0%         N/A       99%         3
 Portal Projectile        Hex/Tloc       0%         N/A       99%         3
 Stone Arrow              Conj/Erth      0%         3d7       99%         3
 Summon Guardian Golem    Hex/Summ       0%         N/A       99%         3
 Tukima's Dance           Hex            0%         N/A       99%         3
 Vampiric Draining        Necr           0%         2d6       99%         3
 Flame Wave               Conj/Fire      0%         2d4       100%        4
 Leda's Liquefaction      Hex/Erth       0%         N/A       100%        4
 Agony                    Necr           0%         N/A       100%        5
 Alistair's Intoxication  Tmut/Pois      0%         N/A       100%        5
 Blade Hands              Tmut           0%         N/A       100%        5
 Lee's Rapid Deconstruct  Erth           0%         3d5*      100%        5
 Summon Cactus Giant      Summ           0%         N/A       100%        6


Dungeon Overview and Level Annotations

Branches:
Dungeon (13/15)            Temple (1/1) D:7            Lair (1/5) D:10
    Orc (2/2) D:11            Elf (0/3) Orc:2        Bailey (visited)
Gauntlet (visited)
 Vaults: D:13-14

Altars:
Ashenzari
Cheibriados
Dithmenos
Elyvilon
Gozag
Hepliaklqana
Kikubaaqudgha
Nemelex Xobeh
Okawaru
Qazlal
Ru
Sif Muna
Vehumet
Wu Jian
Xom
Yredelemnul
Zin
The Shining One

Shops:
D:11 [(   Orc:2 ::


Innate Abilities, Weirdness & Mutations

You are too large for most types of armour.
You have claws for hands.
Your natural rate of healing is unusually fast.
You are covered in fur. (AC +1)
You have tough skin. (AC +1)


Message History

The orc warlord misses you. You block the orc warrior's attack.
The warg barely misses you.
You scratch the orc warlord but do no damage.
The orc warlord is severely wounded.
You block the ogre's attack.
The orc warlord hits you with a +0 great mace!
The orc warrior hits you from afar with a +0 halberd.
The warg barely misses you.
You mangle the orc warlord!!
The orc warlord is almost dead.
You block the warg's attack.
The orc warlord hits you with a +0 great mace!!
The orc warrior hits you but does no damage.
You scratch the orc warlord.
The orc warlord is almost dead.
The heavenly storm settles.
The ogre hits you but does no damage. The warg closely misses you.
You closely miss the orc warlord.
The orc warlord is almost dead.
The orc warlord hits you with a +0 great mace!
* * * LOW HITPOINT WARNING * * *
The orc warrior barely misses you. You block the warg's attack.
You barely miss the orc warlord.
The orc warlord is almost dead.
You block the ogre's attack. The orc warlord closely misses you.
You block the orc warrior's attack. The warg barely misses you.
You mangle the orc warlord!!
You kill the orc warlord!
The Council accepts your kill. The warg bites you.
* * * LOW HITPOINT WARNING * * *
You block the orc warrior's attack.
Your Unarmed Combat skill increases to level 16!
You eviscerate the ogre!!!
You kill the ogre!
The Council accepts your kill. The warg bites you!
* * * LOW HITPOINT WARNING * * *
The orc warrior hits you from afar with a +0 halberd!!
You die...

.....# #### ....o.#
###..#### ......#
....# #.'[.#...
#.....##...###.#(.#...
#..☼§§#....##.#####)#
#.§§☼§##...##.......#
#☼°o○○#...#####....#
#☼°○☼○##..##..#....#
#○○@○○§#..)#..'.....
##○°h☼.....#..#.####
##☼☼○.....####.#..#
o8...8...8.####.[.)#
...........)'....#..#
..8...8...8.####.####
..##........# #.....
.##.........# ####.#
......#...# +....#


You could see a warg and an orc warrior.

Vanquished Creatures
  3 orc warlords
  A minotaur (Gauntlet)
  Josephine (D:12)
  A hydra (D:12)
  2 boulder beetles
  2 centaur warriors
  8 two-headed ogres
  A hell hog (Gauntlet)
  2 orc high priests
  Urug (Orc:2)
  3 orc knights (Orc:2)
  A deep elf pyromancer (D:13)
  6 orc sorcerers
  3 cyclopes (D:12)
  A moth of wrath (Gauntlet)
  An ugly thing (D:10)
  Maurice (D:10)
  A cane toad (Lair:1)
  A smoke demon (Gauntlet)
  3 unseen horrors (D:11)
  2 komodo dragons
  6 trolls
  A red devil (Gauntlet)
  A hornet (D:9)
  3 slime creatures (D:12)
  7 wraiths
  A wyvern (D:7)
  A vampire (D:9)
  4 fire bats (Gauntlet)
  A basilisk (D:13)
  4 vampire mosquitoes
  7 yaks
  4 steam dragons
  Grum (D:11)
  2 wargs (Orc:2)
  2 acid dragons
  A hell hound (Gauntlet)
  46 orc warriors
  2 sky beasts
  21 ogres
  4 centaurs
  7 wolves
  A phantom (D:4)
  8 bullfrogs
  2 kobold brigands
  A gnoll sergeant (D:10)
  3 scorpions
  8 wights
  24 killer bees
  3 howler monkeys
  3 crimson imps (Gauntlet)
  3 jellies
  22 orc priests
  3 hounds
  6 iguanas
  19 orc wizards
  A mummy (D:4)
  15 gnolls
  7 adders
  A shadow imp (D:8)
  A white imp (D:5)
  2 ufetubi
  2 worms
  6 dart slugs
  104 orcs
  8 bats
  3 endoplasms
  7 giant cockroaches
  12 goblins
  9 hobgoblins
  5 jackals
  3 quokkas
  9 ball pythons
  4 frilled lizards
  25 kobolds
  3 rats
504 creatures vanquished.

Vanquished Creatures (collateral kills)
  A hydra (D:13)
1 creature vanquished.

Vanquished Creatures (others)
  An orc wizard (D:8)
  A hobgoblin (D:3)
  A quokka (D:3)
  12 fungi
  15 plants
30 creatures vanquished.

Grand Total: 535 creatures vanquished

Notes
Turn   | Place    | Note
-------+----------+-------------------------------------------
     0 | D:1      | LustLizard the Troll Fighter began the quest for the Orb.
     0 | D:1      | Reached XP level 1. HP: 22/22 MP: 0/0
   144 | D:1      | Reached XP level 2. HP: 25/29 MP: 1/1
   171 | D:1      | Found a faded altar of an unknown god.
   481 | D:1      | Reached XP level 3. HP: 36/36 MP: 2/2
   611 | D:1      | Reached skill level 3 in Unarmed Combat
  1016 | D:2      | Found a shimmering altar of Xom.
  1461 | D:2      | Reached XP level 4. HP: 44/44 MP: 3/3
  1811 | D:3      | Reached skill level 4 in Unarmed Combat
  1852 | D:3      | Found a shimmering altar of Xom.
  1879 | D:3      | Reached XP level 5. HP: 53/53 MP: 4/4
  2717 | D:4      | Found a snail-covered altar of Cheibriados.
  2839 | D:4      | Noticed a phantom
  2847 | D:4      | Killed a phantom
  2848 | D:4      | Reached XP level 6. HP: 56/61 MP: 5/5
  2915 | D:4      | Reached skill level 5 in Unarmed Combat
  3585 | D:5      | Entered Level 5 of the Dungeon
  3712 | D:5      | Reached XP level 7. HP: 68/68 MP: 6/6
  3832 | D:5      | Reached skill level 6 in Unarmed Combat
  4486 | D:5      | Found a broken altar of Ashenzari.
  4489 | D:5      | Found a white marble altar of Elyvilon.
  4493 | D:5      | Found a hazy altar of Hepliaklqana.
  4667 | D:6      | Reached skill level 5 in Shields
  4667 | D:6      | Reached skill level 7 in Unarmed Combat
  4667 | D:6      | Reached XP level 8. HP: 78/79 MP: 7/7
  4731 | D:6      | Identified 5 scrolls of acquirement
  4731 | D:6      | Acquired a manual of Shields
  4733 | D:6      | Acquired 603 gold pieces
  4736 | D:6      | Acquired 1171 gold pieces
  4738 | D:6      | Acquired the +1 fire dragon scales "Peujot" {rF++ rC- rN+
                  | Dex+4}
  4758 | D:6      | Acquired 595 gold pieces
  5081 | D:6      | Reached skill level 5 in Fighting
  5226 | D:6      | Reached skill level 8 in Unarmed Combat
  5425 | D:7      | Found a staircase to the Ecumenical Temple.
  5449 | Temple   | Entered the Ecumenical Temple
  5547 | Temple   | Became a worshipper of the Wu Jian Council
  5630 | D:7      | Reached XP level 9. HP: 88/88 MP: 8/8
  5661 | D:7      | Reached skill level 9 in Unarmed Combat
  6061 | D:8      | Noticed a two-headed ogre
  6075 | D:8      | Killed a two-headed ogre
  6080 | D:8      | Reached * piety under Wu Jian
  6126 | D:8      | Reached skill level 10 in Unarmed Combat
  6368 | D:8      | Reached XP level 10. HP: 100/100 MP: 9/9
  7067 | D:9      | Reached ** piety under Wu Jian
  7228 | D:9      | Paralysed by a hornet for 3 turns
  7429 | D:9      | Reached skill level 11 in Unarmed Combat
  7854 | D:10     | Entered Level 10 of the Dungeon
  7882 | D:10     | Found a flagged portal.
  8078 | Bailey   | Entered a bailey
  8098 | Bailey   | Reached *** piety under Wu Jian
  8101 | Bailey   | Noticed an orc warlord
  8182 | Bailey   | Found a runed translucent gate.
  8184 | Bailey   | Found a runed translucent gate.
  8186 | Bailey   | Found a runed translucent gate.
  8356 | Bailey   | Acquired the ring "Noshiss" {Fly Will- Dex+4 SInv}
  8393 | Bailey   | Killed an orc warlord
  8394 | Bailey   | Reached skill level 5 in Dodging
  8394 | Bailey   | Reached skill level 10 in Shields
  8394 | Bailey   | Reached XP level 11. HP: 90/109 MP: 10/10
  8512 | D:10     | Noticed a purple ugly thing
  8521 | D:10     | Killed a purple ugly thing
  8575 | D:10     | Reached skill level 12 in Unarmed Combat
  8593 | D:10     | Noticed Maurice
  8608 | D:10     | Killed Maurice
  8953 | D:10     | Found a staircase to the Lair.
  8956 | D:10     | Reached **** piety under Wu Jian
  8974 | D:10     | Learned a level 6 spell: Statue Form
  9170 | D:11     | Found Juq Qile's Weapon Shoppe.
  9246 | D:11     | Noticed a two-headed ogre
  9262 | D:11     | Killed a two-headed ogre
  9308 | D:11     | Noticed Grum
  9312 | D:11     | Found a gate leading to a gauntlet.
  9313 | D:11     | Killed Grum
  9344 | D:11     | Found Tity's Armour Emporium.
  9344 | D:11     | Found a staircase to the Orcish Mines.
  9469 | Gauntlet | Entered a Gauntlet
  9469 | Gauntlet | Found a transporter.
  9469 | Gauntlet | Found a runed translucent door.
  9470 | Gauntlet | Found a runed translucent door.
  9472 | Gauntlet | Found a transporter.
  9474 | Gauntlet | Found a transporter.
  9489 | Gauntlet | Found a transporter.
  9492 | Gauntlet | Found a transporter.
  9496 | Gauntlet | Noticed a hell hog
  9500 | Gauntlet | Found a runed translucent door.
  9503 | Gauntlet | Found a transporter.
  9518 | Gauntlet | Found a transporter.
  9525 | Gauntlet | Noticed an obsidian statue
  9528 | Gauntlet | Found a transporter.
  9542 | Gauntlet | Found a transporter.
  9569 | Gauntlet | Found a transporter.
  9569 | Gauntlet | Found a transporter.
  9595 | Gauntlet | Found a transporter.
  9596 | Gauntlet | Noticed a wizard
  9641 | Gauntlet | Found a transporter.
  9648 | Gauntlet | Found a transporter.
  9749 | Gauntlet | Reached skill level 13 in Unarmed Combat
  9786 | Gauntlet | Killed a hell hog
  9800 | Gauntlet | Identified the +1 hat of the Shining Light {rF+ Str+4}
  9824 | Gauntlet | Identified the ring "Meampat" {rPois SInv}
  9824 | Gauntlet | Noticed a minotaur
  9831 | Gauntlet | Killed a minotaur
  9832 | Gauntlet | Reached XP level 12. HP: 120/120 MP: 11/11
  9836 | Gauntlet | Identified the +1 pair of boots of Ru's Generosity {rPois
                  | rC+ rN+}
  9836 | Gauntlet | Identified the +1 leather armour "Mouzot" {rElec}
 10071 | D:11     | Reached ***** piety under Wu Jian
 10095 | D:12     | Noticed a boulder beetle
 10102 | D:12     | Killed a boulder beetle
 10125 | D:12     | Noticed a four-headed hydra
 10128 | D:12     | Killed a six-headed hydra
 10356 | D:12     | Noticed a centaur warrior
 10362 | D:12     | Killed a centaur warrior
 10517 | D:12     | Noticed a two-headed ogre
 10524 | D:12     | Killed a two-headed ogre
 10662 | D:12     | Noticed Josephine
 10674 | D:12     | Reached skill level 14 in Unarmed Combat
 10685 | D:12     | Killed Josephine
 10930 | D:13     | Noticed a boulder beetle
 10938 | D:13     | Killed a boulder beetle
 11018 | D:13     | Noticed a seven-headed hydra
 11024 | D:13     | Killed a seven-headed hydra
 11036 | D:13     | Noticed a seven-headed hydra
 11114 | D:13     | Noticed a centaur warrior
 11119 | D:13     | Killed a centaur warrior
 11179 | D:13     | Acquired a manual of Dodging
 11227 | D:13     | Identified the +1 ring mail of the Black Moon {Rampage
                  | rElec Regen+ Int-5}
 11472 | Lair:1   | Entered Level 1 of the Lair of Beasts
 11508 | Lair:1   | Noticed a five-headed hydra
 11589 | Orc:1    | Entered Level 1 of the Orcish Mines
 11589 | Orc:1    | Noticed a two-headed ogre
 11592 | Orc:1    | Killed a two-headed ogre
 11592 | Orc:1    | Paralysed by an orc sorcerer for 4 turns
 11598 | Orc:1    | Reached XP level 13. HP: 64/131 MP: 12/12
 12119 | Orc:2    | Entered Level 2 of the Orcish Mines
 12292 | Orc:2    | Noticed Urug
 12293 | Orc:2    | Reached skill level 15 in Unarmed Combat
 12296 | Orc:2    | Killed Urug
 12396 | Orc:2    | Noticed an orc warlord
 12399 | Orc:2    | Reached ****** piety under Wu Jian
 12415 | Orc:2    | Killed an orc warlord
 12516 | Orc:2    | HP: 1/131 [orc warrior/+0 trident (15)]
 12612 | Orc:2    | Found Lydd's Book Boutique.
 12638 | Orc:2    | Found Unir's Book Shop.
 12972 | Orc:2    | Found a staircase to the Elven Halls.
 13184 | Orc:2    | Reached skill level 10 in Fighting
 13192 | Orc:2    | Noticed an orc warlord
 13206 | Orc:2    | Killed an orc warlord
 13207 | Orc:2    | Reached skill level 16 in Unarmed Combat
 13207 | Orc:2    | Slain by an orc warrior

Illustrated notes

Levels and vault maps discovered:
D:1:      lightli_arrival_boilingwater, layout_basic,
          dreamdust_ecumenical_altar_hidden_monk_grotto, reono_crystal_passage,
          st_stairs_14
D:2:      layout_rooms, basic_altar, nicolae_figureground_pulse
D:3:      layout_loops_ring, xom_confusion_cloud, serial_forest,
          infiniplex_forest_clump_cross, infiniplex_forest_clump_double,
          infiniplex_forest_lined_3, infiniplex_forest_clump_curved,
          infiniplex_forest_lined_2, infiniplex_forest_lined_2,
          infiniplex_forest_clump_curved, infiniplex_forest_clump_double,
          kennysheep_generic_room_6
D:4:      layout_gridville, slow_altar_1
D:5:      layout_loops_corners, grunt_temple_overflow_diamond, grunt_decor_cap,
          corexii_shack, minmay_fractal_squares_5
D:6:      layout_loops_ring
D:7:      layout_basic, minmay_temple_entry_drinking_statues
D:8:      layout_loops_ring, nicolae_kite_square_tiling_tiny
D:9:      layout_basic, ebering_dispersal_statue_hall,
          nicolae_figureground_sparkle
D:10:     layout_small_grid, grunt_lair_entry_orc_guard_hut, enter_bailey_6,
          uniq_maurice
D:11:     layout_rooms, orc_david_3, gauntlet_entry_generic, special_room
          [special_room_orc], serial_shops, shop, uniq_grum
D:12:     layout_loops_cross, uniq_josephine
D:13:     layout_cave_pods, serial_shops, shop
Temple:   minmay_crystal_spiral_temple
Lair:1:   layout_cave_pods, serial_bayou, serial_bayou_lake_a,
          serial_bayou_lagoon_a, serial_bayou_shore_a, serial_bayou_pond_c,
          serial_bayou_crossing
Orc:1:    layout_caves
Orc:2:    pubby_orc_utopia, serial_shops, uniq_urug

Skill      XL: |  1  2  3  4  5  6  7  8  9 10 11 12 13 |
---------------+----------------------------------------+-----
Shields        | 3 4 5 6 8 10 11 12 13 | 13.3
Unarmed Combat | 3 4 5 7 8 10 11 13 14 16 | 16.0
Fighting       | 3 4 5 6 7 8 9 10 | 10.0
Dodging        | 3 5 6 7 9 |  9.6

Action                   |  1- 3 |  4- 6 |  7- 9 | 10-12 | 13-15 || total
-------------------------+-------+-------+-------+-------+-------++-------
Melee: Unarmed           |   111 |   176 |   207 |   542 |   321 ||  1357
Throw: Boomerang         |       |     6 |       |       |       ||     6
       Dart              |       |       |     2 |    10 |       ||    12
Invok: Lunge             |       |       |    12 |    53 |    33 ||    98
       Whirlwind         |       |       |     1 |    37 |    30 ||    68
       Heavenly Storm    |       |       |       |       |     1 ||     1
Evoke: Wand              |       |       |       |     8 |       ||     8
       Phantom mirror    |       |       |       |     1 |       ||     1
       Tin of tremorston |       |       |       |     1 |       ||     1
  Use: Scroll            |       |     1 |    17 |    14 |     1 ||    33
       Potion            |       |       |       |     6 |     1 ||     7
Armor: Robe              |    29 |    47 |    17 |       |       ||    93
       Fire dragon scale |       |       |    44 |   143 |    46 ||   233
       Skin              |       |       |       |     4 |       ||     4
Dodge: Dodged            |    35 |    69 |    61 |   119 |    63 ||   347
Block: Kite shield       |    46 |    66 |    67 |   262 |   122 ||   563
